 Dungeon Crawl Stone Soup version 0.20.1-1-g8b1a95d (webtiles) character file.

371 Ushi the Ruffian (level 6, 0/61 HPs)
             Began as a Troll Berserker on Oct 26, 2017.
             Was a Priest of Trog.
             Slain by an adder (2 damage)
             ... on level 4 of the Dungeon on Oct 28, 2017.
             The game lasted 00:17:50 (2373 turns).

Ushi the Ruffian (Troll Berserker)                  Turns: 2373, Time: 00:17:51

Health: 0/61       AC:  5    Str: 28    XL:     6   Next: 42%
Magic:  5/5        EV: 11    Int:  3    God:    Trog [***...]
Gold:   115        SH:  0    Dex:  9    Spells: 5/5 levels left

rFire    . . .     SeeInvis .     - Unarmed
rCold    . . .     Gourm    +   (no shield)
rNeg     . . .     Faith    .   h - +0 robe
rPois    .         Spirit   .   (helmet restricted)
rElec    .         Reflect  .   (no cloak)
rCorr    .         Harm     .   (gloves unavailable)
MR       .....                  (boots unavailable)
Stlth    +.........             (no amulet)
Regen    0.6/turn               (no ring)
MPRegen  0.1/turn               (no ring)

@: lethally poisoned (0 -> -1), berserk cooldown, slowed, very slow
A: unfitting armour, claws 3, fast metabolism 3, gourmand, regeneration 1,
shaggy fur 1, tough skin 2
a: Berserk, Trog's Hand, Burn Spellbooks, Renounce Religion


You were on level 4 of the Dungeon.
You worshipped Trog.
Trog was most pleased with you.
You were full.

You visited 1 branch of the dungeon, and saw 4 of its levels.

You collected 115 gold pieces.

Inventory:

Armour
 a - a +0 animal skin
 h - a +0 robe (worn)
 p - a +0 cloak
Scrolls
 c - 2 scrolls of magic mapping {unknown}
 d - a scroll of fog {unknown}
 e - a scroll of blinking {unknown}
 g - a scroll of noise {unknown}
 j - a scroll of random uselessness {unknown}
 o - 2 scrolls of remove curse {unknown}
 q - a scroll of identify {unknown}
 r - a scroll of teleportation {unknown}
Potions
 i - a potion of magic {unknown}
 k - a potion of brilliance {unknown}
 m - 2 potions of degeneration {unknown}
 n - 4 potions of curing {unknown}
Comestibles
 b - 7 bread rations
 f - 12 fruits
 l - 2 royal jellies


   Skills:
 + Level 3.1 Fighting
 + Level 3.8 Dodging
 + Level 0.1 Stealth
 + Level 5.8 Unarmed Combat


You had 5 spell levels left.
You didn't know any spells.

Dungeon Overview and Level Annotations

Branches:
Dungeon (4/15)
 Temple: D:4-7

Altars:
Ashenzari
Elyvilon
Okawaru
Trog
Xom
Yredelemnul


Innate Abilities, Weirdness & Mutations

You are too large for most types of armour.
You have claws for hands.
Your metabolism is lightning-fast.
You like to eat raw meat.
Your natural rate of healing is unusually fast.
You are covered in fur. (AC +1)
You have very tough skin. (AC +2)


Message History

You feel sick. The adder bites you but does no damage.
The adder barely misses you. The adder closely misses you.
The adder bites you but does no damage.
You feel sick. The adder misses you. The adder closely misses you.
The adder barely misses you. The adder bites you but does no damage.
You feel sick. The adder bites you but does no damage. The adder bites you.
* * * LOW HITPOINT WARNING * * *
You are more poisoned.
The adder poisons you!
You feel sick. The adder misses you. x2
You feel sick. The adder completely misses you. x2
You feel sick. The adder misses you. The adder closely misses you.
The adder bites you.
* * * LOW HITPOINT WARNING * * *
You are more poisoned.
The adder poisons you! The adder closely misses you.
You feel sick. The adder bites you but does no damage.
The adder barely misses you.
You feel sick. The adder bites you.
You die...

..# ..# #.# ##.##
#... #..### #
########....###.#
#.........)oS@..#
#.######.##.#####
####.######.##.#
............##.#
####.#########.#
####.#########.#
...$...........#
####.###########
....?#


You could see an adder and an orc.

Vanquished Creatures
  Sigmund (D:4)
  Crazy Yiuf (D:2)
  An orc wizard (D:3)
  Robin (D:2)
  4 adders
  4 oozes
  2 worms (D:3)
  2 dart slugs
  7 leopard geckos
  6 orcs (D:3)
  3 giant cockroaches
  12 goblins
  7 hobgoblins
  8 jackals
  10 kobolds
  A quokka (D:2)
  5 bats
  A frilled lizard (D:3)
  10 rats
86 creatures vanquished.

Notes
Turn   | Place    | Note
-------+----------+-------------------------------------------
     0 | D:1      | Ushi the Troll Berserker began the quest for the Orb.
     0 | D:1      | Reached XP level 1. HP: 22/22 MP: 0/0
    67 | D:1      | Reached XP level 2. HP: 28/29 MP: 1/1
   420 | D:1      | Reached XP level 3. HP: 32/36 MP: 2/2
   861 | D:2      | Found a white marble altar of Elyvilon.
   941 | D:2      | Reached ** piety under Trog
  1040 | D:2      | Noticed Robin
  1064 | D:2      | Reached XP level 4. HP: 13/44 MP: 3/3
  1068 | D:2      | HP: 1/44 [goblin[Robin] (3)]
  1092 | D:2      | Killed Robin
  1092 | D:2      | Reached skill level 4 in Unarmed Combat
  1181 | D:2      | Found a basalt altar of Yredelemnul.
  1183 | D:2      | Found a shimmering altar of Xom.
  1278 | D:2      | Found a shattered altar of Ashenzari.
  1441 | D:2      | Found a runed door.
  1445 | D:2      | Noticed Crazy Yiuf
  1451 | D:2      | Killed Crazy Yiuf
  1451 | D:2      | Reached XP level 5. HP: 28/53 MP: 4/4
  1708 | D:3      | Found an iron altar of Okawaru.
  1828 | D:3      | Reached *** piety under Trog
  1970 | D:3      | Reached skill level 5 in Unarmed Combat
  2222 | D:3      | Noticed a moth of wrath
  2225 | D:3      | Found a bloodstained altar of Trog.
  2339 | D:4      | Noticed Sigmund
  2350 | D:4      | Killed Sigmund
  2350 | D:4      | Reached XP level 6. HP: 20/61 MP: 5/5
  2367 | D:4      | HP: 3/61 [adder (2)]
  2372 | D:4      | HP: 2/61 [poisoned by an adder]
  2373 | D:4      | Slain by an adder

Skill      XL: |  1  2  3  4  5 |
---------------+----------------+-----
Dodging        | 3 |  3.8
Unarmed Combat | 4 5 |  5.8
Fighting       | 3 |  3.1
Stealth        | |  0.1

Action                   |  1- 3 |  4- 6 || total
-------------------------+-------+-------++-------
Melee: Unarmed           |    93 |   141 ||   234
       Punch             |       |     2 ||     2
Invok: Berserk           |       |     2 ||     2
  Eat: Chunk             |     5 |    19 ||    24
       Fruit             |     2 |       ||     2
Armor: Animal skin       |    12 |       ||    12
       Robe              |    27 |    79 ||   106
Dodge: Dodged            |    54 |   115 ||   169
